[Event "Gibraltar Challengers A 2020"]
[Site "Caleta"]
[Date "2020.01.24"]
[Round "5.30"]
[White "Perez Ruiz, Santiago"]
[Black "Hermes, Geoff R"]
[Result "1/2-1/2"]
[ECO "A41"]
[WhiteElo "1953"]
[BlackElo "1832"]
[Annotator "NA RC"]
[PlyCount "43"]
[EventDate "2020.01.20"]
[EventType "swiss"]
[EventCountry "GGB"]
[SourceTitle "playchess.com"]
[Source "ChessBase"]
[SourceQuality "1"]
[TimeControl "6600+10"]

1. d4 d6 2. c4 e5 3. d5 f5 4. g3 Nf6 5. Bg2 Be7 6. Nc3 {[%emt 0:00:18] A41: 1 d4 d6: Tartakower System and Modern Defence} O-O 7. Nf3 c6 8. O-O e4 $146 ({Predecessor:} 8... cxd5 9. Nxd5 Nc6 10. b3 Nxd5 11. Qxd5+ Kh8 12. Bb2 {0-1 (37) Ghaem Maghami,E (2560)-Sadorra,J (2574) Ashkhabad 2017}) 9. Nd4 c5 10. Nc2 Nbd7 11. b3 Ne5 12. Bb2 Bd7 13. Qd2 Nfg4 14. f3 exf3 15. exf3 Nh6 16. f4 Ng6 17. Rae1 Bf6 18. Re2 Re8 19. Rfe1 Rxe2 20. Rxe2 Qf8 21. Qe1 Re8 22. Qd1 $11 1/2-1/2

[Event "Gibraltar Challengers A 2020"]
[Site "Caleta"]
[Date "2020.01.24"]
[Round "5.31"]
[White "Aura, Kristian"]
[Black "Campuzano, Franco"]
[Result "1-0"]
[ECO "E93"]
[WhiteElo "1928"]
[BlackElo "1785"]
[Annotator "NA RC"]
[PlyCount "185"]
[EventDate "2020.01.20"]
[EventType "swiss"]
[EventCountry "GGB"]
[SourceTitle "playchess.com"]
[Source "ChessBase"]
[SourceQuality "1"]
[TimeControl "6600+10"]

1. d4 Nf6 2. Nf3 g6 3. c4 Bg7 4. Nc3 O-O 5. e4 d6 6. Be2 e5 7. d5 Nbd7 8. Bg5 h6 9. Bh4 g5 10. Bg3 Nxe4 {[%emt 0:00:49] E93: King's Indian: Classical: Petrosian System with 7...Nbd7} (10... Nh5 11. Nd2 Nf4 12. Bf1 Nc5 13. Nb3 f5 14. Nxc5 dxc5 15. Qc2 a6 16. O-O-O b5 17. f3 b4 18. Na4 fxe4 19. fxe4 {½-½ (31) Andreikin,D (2720)-Fedoseev,V (2659) Berlin 2015}) 11. Nxe4 f5 12. Nc3 f4 13. Nd2 fxg3 $146 ({Predecessor:} 13... Nf6 14. Nde4 Bf5 15. Bd3 Qe7 16. Qc2 fxg3 17. Nxf6+ Qxf6 18. Bxf5 gxf2+ 19. Qxf2 Qxf5 20. Qxf5 Rxf5 {½-½ (36) Kerber,W-Skalmowski,B Bad Laasphe 1994}) 14. hxg3 c6 15. O-O a5 ({Better is} 15... Nf6 $14) 16. dxc6 bxc6 17. Nde4 Nf6 18. Nxd6 Qc7 19. Nde4 Rd8 20. Qc2 Be6 21. Rad1 Rd4 22. b3 Rad8 23. Bd3 Qe7 24. Ne2 R4d7 25. Nxf6+ Bxf6 26. Be4 Rd6 27. Nc3 Bg7 28. Rxd6 Rxd6 29. Rd1 Qd7 30. Rxd6 Qxd6 31. Qd3 (31. Nd1 $18 {is more deadly.}) 31... Qd4 32. Bh7+ Kh8 33. Bg6 (33. Qc2 $142) 33... Qxd3 34. Bxd3 Bf8 35. Kf1 Bb4 36. Nd1 Kg7 37. Ke2 Kf6 38. Ne3 Bd7 39. g4 Bc5 40. f3 Bxe3 41. Kxe3 c5 42. Be4 Ke7 43. Bd5 Kd6 44. Ke4 Bc8 45. Bf7 Bd7 46. Bg6 Bc8 47. Be8 Be6 48. Kd3 Bc8 49. Bg6 Bd7 50. a3 Bc8 51. Kc3 Bd7 52. b4 axb4+ 53. axb4 Bc8 54. Be4 Bd7 55. b5 Kc7 56. Bd5 Kd6 57. Ba8 Be8 58. Kd3 Bd7 $2 (58... Bf7 59. b6 Kd7) 59. Be4 Be6 {[%emt 0:00:18] [#]} 60. Bg6 $2 (60. Bd5 $1 ) 60... Bc8 $2 (60... Bg8 $16 61. Be4 Kc7) 61. Bf7 Bd7 62. Ke4 Bc8 63. Bd5 Bd7 64. b6 Ba4 65. b7 Bc2+ 66. Ke3 Kc7 67. Kd2 Bb1 68. Kc1 Bd3 69. Kb2 Bf1 $2 (69... Bg6 $16) 70. g3 Be2 71. Ka3 e4 72. fxe4 Bxg4 73. e5 Bd7 74. e6 Be8 75. Bf3 h5 76. Bg2 h4 77. gxh4 gxh4 78. Bd5 h3 79. Kb2 h2 80. e7 Bf7 (80... Kb8 $18 81. Kc2 Bg6+ 82. Kd2 Be8) 81. Bh1 Be8 82. Kc3 Bf7 83. Kd2 Be8 84. Ke3 Bf7 85. Kf4 Be8 86. Ke5 Bf7 87. Kf6 Be8 88. Kg7 Bh5 89. Kf8 Bg6 90. e8=Q {[%emt 0:00:15] Promotion} Bxe8 91. Kxe8 Kb8 92. Kd7 Ka7 93. Kc7 1-0

[Event "Gibraltar Challengers A 2020"]
[Site "Caleta"]
[Date "2020.01.24"]
[Round "5.32"]
[White "Fischer, Robert"]
[Black "Auvinen, Esa"]
[Result "1-0"]
[ECO "A18"]
[WhiteElo "1923"]
[BlackElo "1850"]
[Annotator "NA RC"]
[PlyCount "79"]
[EventDate "2020.01.20"]
[EventType "swiss"]
[EventCountry "GGB"]
[SourceTitle "playchess.com"]
[Source "ChessBase"]
[SourceQuality "1"]
[TimeControl "6600+10"]

1. c4 Nf6 2. Nc3 e6 3. e4 d5 4. cxd5 exd5 5. e5 d4 6. exf6 dxc3 7. Bb5+ c6 8. Qe2+ Be6 9. Bc4 Qxf6 10. dxc3 {[%emt 0:00:27] A18: English Opening: Flohr-Mikenas System (1 c4 Nf6 2 Nc3 e6 3 e4)} Be7 (10... Nd7 11. Bxe6 Qxe6 12. Qxe6+ fxe6 13. Nf3 O-O-O 14. Bg5 Re8 15. Ke2 h6 16. Be3 e5 17. Nd2 Bc5 {½-½ (55) Petrov,N (2585)-Samsonkin,A (2428) Moscow 2019}) 11. Bxe6 Qxe6 12. Qxe6 fxe6 13. Nf3 Bf6 14. Ng5 $146 ({Predecessor:} 14. Bf4 Na6 15. O-O-O Rd8 16. Rhe1 Rxd1+ 17. Rxd1 O-O {1-0 (36) Doostkam,P (2241)-Nikzaban,E (2081) Urmia 2008}) 14... Bxg5 15. Bxg5 Nd7 16. O-O-O Nf6 17. Rhe1 Ke7 $1 18. Re3 Rhe8 19. Rh3 h6 20. Bxf6+ Kxf6 21. Rd7 e5 22. Rf3+ Ke6 23. Rxg7 e4 24. Re3 Kd5 25. Rxb7 Rg8 26. g3 Rgf8 27. Re2 Rf3 28. Rd2+ Ke6 29. Rc7 Raf8 30. Rxc6+ Ke5 31. Rc5+ Ke6 32. Rc4 Ke5 33. Re2 Rxf2 34. Rcxe4+ Kd5 35. Re5+ Kd6 36. Re6+ {[%emt 0:01:02] Double Attack} Kd5 37. R2e5+ Kc4 38. Rc6+ Kd3 39. Rd6+ Kc4 40. Rd4# {[%emt 0:00:04] Kd5} 1-0

[Event "Gibraltar Challengers A 2020"]
[Site "Caleta"]
[Date "2020.01.24"]
[Round "5.33"]
[White "Nergard, Ole-Kristian"]
[Black "Kunnavakkam, Sudarshanagopal Vin"]
[Result "0-1"]
[ECO "B40"]
[WhiteElo "1667"]
[BlackElo "1786"]
[Annotator "NA RC"]
[PlyCount "82"]
[EventDate "2020.01.20"]
[EventType "swiss"]
[EventCountry "GGB"]
[SourceTitle "playchess.com"]
[Source "ChessBase"]
[SourceQuality "1"]
[TimeControl "6600+10"]

1. e4 c5 2. Nf3 e6 3. c3 Nf6 4. Bd3 Nc6 5. O-O d6 6. Bc2 Be7 7. d4 cxd4 8. cxd4 O-O 9. Nc3 d5 10. e5 Nd7 11. Re1 f6 12. exf6 Nxf6 13. Ng5 Qb6 14. Nxe6 Bxe6 15. Rxe6 Qxd4 16. Be3 Qxd1+ 17. Rxd1 Rad8 18. Bb3 Kf7 19. Nxd5 Kxe6 20. Nc7+ Kf5 21. Bc2+ Kg4 22. h3+ Kh5 23. g4+ Kh4 24. Kg2 Rxd1 25. Bxd1 Ne4 26. f3 Bg5 27. Bg1 Bf4 28. Ne6 Rf6 29. Nxf4 Rxf4 30. Bh2 Rf7 31. fxe4 Rd7 32. Bg3+ Kg5 33. h4+ Kg6 34. Bb3 Rd2+ 35. Kf3 Nd4+ 36. Kf4 Nxb3 37. axb3 Kf7 38. Kf5 Rxb2 39. e5 Rxb3 40. e6+ Ke7 41. Be5 Rb5 0-1

[Event "Gibraltar Challengers A 2020"]
[Site "Caleta"]
[Date "2020.01.24"]
[Round "5.34"]
[White "Tkadlecek, Petr"]
[Black "Brown, David"]
[Result "1/2-1/2"]
[ECO "D02"]
[WhiteElo "1775"]
[BlackElo "1916"]
[Annotator "NA RC"]
[PlyCount "20"]
[EventDate "2020.01.20"]
[EventType "swiss"]
[EventCountry "GGB"]
[SourceTitle "playchess.com"]
[Source "ChessBase"]
[SourceQuality "1"]
[TimeControl "6600+10"]

1. d4 Nf6 2. Nf3 d5 3. Bf4 c6 4. e3 Bf5 5. Be2 Nbd7 6. c3 $11 h6 7. h3 e6 8. O-O Be7 9. Bd3 Bxd3 10. Qxd3 Bf8 1/2-1/2